 Dungeon Crawl Stone Soup version 0.30.0-11-gf55b779eaf (webtiles) character file.

Game seed: 10585250429704325419

12334 Pimp the Protected (level 11, -8/72 HPs)
             Began as a Tengu Hunter on May 16, 2023.
             Was a Believer of Okawaru.
             Mangled by a boulder beetle (33 damage)
             ... on level 12 of the Dungeon.
             The game lasted 00:31:16 (12556 turns).

Pimp the Protected (Tengu Hunter)                  Turns: 12556, Time: 00:31:17

Health: -8/72      AC: 12    Str: 11    XL:     11   Next: 91%
Magic:  12/12      EV: 24    Int: 10    God:    Okawaru [**....]
Gold:   693        SH:  0    Dex: 22    Spells: 10/10 levels left

rFire   . . .        g - +0 double sword (flame)
rCold   + . .        (no shield)
rNeg    . . .        m - +2 steam dragon scales
rPois   .            (helmet restricted)
rElec   .            d - +0 cloak
rCorr   +            F - +0 pair of gloves
SInv    .            (boots unavailable)
Will    .....        (no amulet)
Stlth   +++          G - ring of protection from cold
HPRegen 0.32/turn    s - ring of resist corrosion
MPRegen 0.13/turn

%: no passive effects
@: flying quickly and evasively, studying Armour, quick
A: beak, talons 3, nimble flight
a: Renounce Religion, Heroism


You were on level 12 of the Dungeon.
You worshipped Okawaru.
Okawaru was pleased with you.
You visited 1 branch of the dungeon, and saw 12 of its levels.

You collected 693 gold pieces.

Inventory:

Hand Weapons
 a - a +0 shortbow of draining
 g - a +0 double sword of flaming (weapon)
 u - a +0 short sword
 E - a +0 arbalest
Armour
 c - a +0 leather armour
 d - a +0 cloak (worn)
 m - +2 steam dragon scales (worn)
 v - a +2 robe of the Archmagi
 F - a +0 pair of gloves (worn)
Jewellery
 i - a +6 ring of intelligence
 o - a ring of willpower
 s - a ring of resist corrosion (right hand)
 G - a ring of protection from cold (left hand)
Wands
 x - a wand of iceblast (14)
 A - a wand of polymorph (9)
 H - a wand of mindburst (8)
Scrolls
 b - 2 scrolls of immolation
 r - 3 scrolls of magic mapping
 y - a scroll of amnesia
 B - 2 scrolls of silence
 C - 3 scrolls of poison
 D - 6 scrolls of teleportation
Potions
 e - 2 potions of brilliance
 f - 5 potions of curing
 h - 3 potions of flight
 j - 4 potions of lignification
 k - a potion of magic
 l - 5 potions of mutation
 n - a potion of berserk rage
 p - 2 potions of haste
 q - 3 potions of resistance
 z - a potion of attraction
 I - a potion of heal wounds
 J - a potion of ambrosia
 L - 2 potions of might


   Skills:
 + Level 9.7 Fighting
 * Level 2.7 Long Blades
 + Level 11.2 Ranged Weapons
 + Level 12.3 Armour
 + Level 10.6 Dodging
 - Level 3.9 Stealth


You had 10 spell levels left.
You didn't know any spells.
Your spell library contained the following spells:

 Spells                   Type           Power      Damage    Failure   Level
 Dazzling Flash           Conj/Hex       0%         N/A       75%         3
 Portal Projectile        Hex/Tloc       0%         N/A       75%         3
 Volatile Blastmotes      Fire/Tloc      0%         2d10      75%         3
 Iskenderun's Mystic Bla  Conj/Tloc      0%         2d3       98%         4
 Petrify                  Tmut/Erth      0%         N/A       98%         4
 Alistair's Intoxication  Tmut/Pois      0%         N/A       100%        5
 Blade Hands              Tmut           0%         N/A       100%        5
 Borgnjor's Vile Clutch   Necr/Erth      0%         N/A       100%        5
 Freezing Cloud           Conj/Ice/Air   0%         6-21      100%        5
 Lee's Rapid Deconstruct  Erth           0%         3d4*      100%        5
 Eringya's Noxious Bog    Tmut/Pois      0%         N/A       100%        6
 Iron Shot                Conj/Erth      0%         9d1       100%        6
 Starburst                Conj/Fire      0%         6d3       100%        6
 Summon Small Mammal      Summ           Unusable   N/A       N/A         1
 Call Canine Familiar     Summ           Unusable   N/A       N/A         3
 Summon Guardian Golem    Hex/Summ       Unusable   N/A       N/A         3
 Tukima's Dance           Hex            Unusable   N/A       N/A         3

Dungeon Overview and Level Annotations

Branches:
Dungeon (12/15)            Temple (0/1) D:6            Lair (0/5) D:11
    Orc (0/2) D:9

Altars:
Dithmenos
Gozag
Okawaru
Qazlal
Sif Muna
Trog
Vehumet
Yredelemnul
Zin
The Shining One

Annotations:
D:10 exclusion: ice statue


Innate Abilities, Weirdness & Mutations

You have a beak for a mouth.
You have claws for feet.
Your magical nature lets you fly swiftly and evasively.


Message History

The two-headed ogre is lightly wounded.
The two-headed ogre hits you with a +0 giant club!
The two-headed ogre misses you.
You slice the two-headed ogre!! You burn the two-headed ogre!
You claw the two-headed ogre.
The two-headed ogre is severely wounded.
The two-headed ogre barely misses you.
The two-headed ogre hits you with a +0 giant club!
You slash the two-headed ogre! You burn the two-headed ogre.
You kill the two-headed ogre!
Okawaru is honoured by your kill.
You start resting.
HP restored.
There is a stone staircase leading up here.
Found 5 stones.
Found a stone staircase leading down.
A boulder beetle comes into view.
You see here a fuming dark potion.
A boulder beetle is nearby!
The helpless boulder beetle fails to defend itself.
You hit the boulder beetle but do no damage.
You peck the boulder beetle, but do no damage.
The boulder beetle bites you!!
You hit the boulder beetle but do no damage.
You claw the boulder beetle, but do no damage.
The boulder beetle bites you! The boulder beetle bites you.
You hit the boulder beetle but do no damage.
You claw the boulder beetle, but do no damage.
The boulder beetle bites you but does no damage.
You hit the boulder beetle but do no damage.
You claw the boulder beetle, but do no damage.
You peck the boulder beetle, but do no damage.
The boulder beetle bites you!
You barely miss the boulder beetle.
You claw the boulder beetle, but do no damage.
The boulder beetle leaps!
The boulder beetle curls into a ball and begins rolling!
You see here a fuming dark potion.
The boulder beetle attacks as you move away!
The boulder beetle hits you!!
You die...

... ....
#.#.#.#.#...
####...>.......
..#.#.#.#.#..
#°#$........#
######°#.#.#.#.#.#
........°.........##
........(B#.#.#.#..#
..........@........#
............#.)....+
.........####......#
.........# #<†....#
.........# ##+#####
........# ##...##
###.


You could see a boulder beetle (rolling).

Vanquished Creatures
  A boulder beetle (D:11)
  4 two-headed ogres
  Pikel (D:5)
  A cyclops (D:11)
  2 unseen horrors (D:11)
  2 komodo dragons
  3 trolls
  Grinder (D:5)
  Prince Ribbit (D:5)
  Sigmund (D:5)
  4 shadows
  3 yaks (D:10)
  A wraith (D:11)
  A wyvern (D:7)
  Eustachio (D:5)
  2 steam dragons
  Grum (D:11)
  3 vampire mosquitoes (D:11)
  Edmund (D:5)
  A two-headed ogre zombie (D:9)
  3 acid dragons
  An ice beast (D:6)
  3 black bears
  4 orc warriors
  A sky beast (D:7)
  2 centaurs
  3 wolves (D:11)
  4 phantoms
  A lemure (D:4)
  Blork the orc (D:5)
  2 bullfrogs
  2 gnoll sergeants
  2 scorpions
  3 wights (D:9)
  9 killer bees
  2 howler monkeys
  5 jellies
  A hound (D:5)
  Crazy Yiuf (D:5)
  6 orc priests
  2 sleepcaps
  8 orc wizards
  5 iguanas
  6 ogre zombies (D:9)
  8 gnolls
  3 adders
  2 ufetubi (D:5)
  2 worms (D:2)
  30 orcs
  12 ball pythons
  5 endoplasms
  4 giant cockroaches
  2 goblins
  9 hobgoblins
  2 quokkas (D:4)
  5 bats
  2 frilled lizards
  3 goblin zombies (D:9)
  A hobgoblin skeleton (D:9)
  5 hobgoblin zombies (D:9)
  9 kobolds
  4 orc skeletons (D:9)
  10 orc zombies (D:9)
  2 rats
232 creatures vanquished.

Vanquished Creatures (others)
  An ogre zombie (D:9)
  2 gnolls (D:9)
  A goblin skeleton (D:9)
  An orc zombie (D:9)
5 creatures vanquished.

Grand Total: 237 creatures vanquished

Notes
Turn   | Place    | Note
-------+----------+-------------------------------------------
     0 | D:1      | Pimp the Tengu Hunter began the quest for the Orb.
     0 | D:1      | Reached XP level 1. HP: 12/12 MP: 2/2
    23 | D:1      | Got Sif Muna's Catalogue of Coarse Breath
   189 | D:1      | Reached XP level 2. HP: 17/17 MP: 3/3
   272 | D:1      | Found a faded altar of an unknown god.
   990 | D:2      | Reached XP level 3. HP: 22/22 MP: 4/4
  1549 | D:3      | Reached XP level 4. HP: 27/27 MP: 5/5
  1639 | D:3      | Reached skill level 5 in Ranged Weapons
  1794 | D:3      | Gained mutation: Your magical nature lets you fly swiftly
                  | and evasively. [Tengu growth]
  1794 | D:3      | Reached XP level 5. HP: 27/32 MP: 6/6
  1993 | D:4      | Noticed a black bear
  2004 | D:4      | Killed a black bear
  2030 | D:4      | Noticed a phantom
  2046 | D:4      | Killed a phantom
  2047 | D:4      | Reached XP level 6. HP: 37/37 MP: 7/7
  2054 | D:4      | Found a radiant altar of Vehumet.
  2055 | D:4      | Found a bloodstained altar of Trog.
  2056 | D:4      | Found an opulent altar of Gozag.
  2691 | D:5      | Entered Level 5 of the Dungeon
  2755 | D:5      | Reached XP level 7. HP: 42/43 MP: 8/8
  2820 | D:5      | Noticed Grinder
  2831 | D:5      | Killed Grinder
  2832 | D:5      | Reached skill level 5 in Dodging
  2854 | D:5      | Reached XP level 8. HP: 46/48 MP: 9/9
  2874 | D:5      | Noticed Blork the orc
  2929 | D:5      | Noticed Sigmund
  2930 | D:5      | Reached skill level 5 in Fighting
  3051 | D:5      | Noticed Pikel
  3519 | D:5      | Noticed Prince Ribbit
  3525 | D:5      | Killed Prince Ribbit
  3526 | D:5      | Reached skill level 2 in Armour
  3540 | D:5      | Noticed Edmund
  3541 | D:5      | Noticed Eustachio
  3597 | D:5      | Killed Pikel
  3598 | D:5      | Reached skill level 4 in Armour
  3598 | D:5      | Reached XP level 9. HP: 55/55 MP: 10/10
  3686 | D:5      | Killed Blork the orc
  3716 | D:5      | Killed Edmund
  3744 | D:5      | Killed Eustachio
  3745 | D:5      | Reached skill level 5 in Armour
  3842 | D:5      | Found a runed translucent door.
  3843 | D:5      | Noticed Crazy Yiuf
  4081 | D:5      | Killed Sigmund
  4344 | D:5      | Killed Crazy Yiuf
  4628 | D:6      | Reached skill level 6 in Armour
  4829 | D:6      | Found a glowing silver altar of Zin.
  4850 | D:6      | Found a staircase to the Ecumenical Temple.
  5111 | D:6      | Found a shimmering blue altar of Sif Muna.
  5432 | D:7      | Found a shadowy altar of Dithmenos.
  5458 | D:7      | Reached skill level 7 in Armour
  6033 | D:7      | Reached XP level 10. HP: 52/63 MP: 11/11
  6394 | D:7      | Reached skill level 8 in Armour
  7645 | D:9      | Found a basalt altar of Yredelemnul.
  7648 | D:9      | Noticed a profane servitor
  7658 | D:9      | Found a glowing golden altar of the Shining One.
  8672 | D:9      | Found a staircase to the Orcish Mines.
  8747 | D:9      | Reached skill level 9 in Armour
  9399 | D:9      | Noticed an angel
  9424 | D:10     | Entered Level 10 of the Dungeon
  9629 | D:10     | Noticed a two-headed ogre
  9646 | D:10     | Killed a two-headed ogre
  9647 | D:10     | Reached skill level 10 in Ranged Weapons
  9647 | D:10     | Reached skill level 10 in Armour
  9828 | D:10     | Reached XP level 11. HP: 44/69 MP: 12/12
  9945 | D:10     | Noticed a two-headed ogre
  9956 | D:10     | Killed a two-headed ogre
 10021 | D:10     | Found a stormy altar of Qazlal.
 10120 | D:10     | Found an iron altar of Okawaru.
 10249 | D:10     | Became a worshipper of Warmaster Okawaru
 11383 | D:11     | Reached skill level 11 in Armour
 11512 | D:11     | Noticed a cyclops
 11519 | D:11     | Killed a cyclops
 11520 | D:11     | Reached skill level 10 in Dodging
 11534 | D:11     | Noticed a two-headed ogre
 11557 | D:11     | Killed a two-headed ogre
 11657 | D:11     | Noticed a boulder beetle
 11684 | D:11     | Killed a boulder beetle
 11684 | D:11     | Reached * piety under Okawaru
 11734 | D:11     | Found a staircase to the Lair.
 11996 | D:11     | Identified a scroll of acquirement
 11997 | D:11     | Acquired a +0 double sword of flaming
 12030 | D:11     | Noticed Grum
 12057 | D:11     | Reached skill level 12 in Armour
 12059 | D:11     | Killed Grum
 12059 | D:11     | Reached ** piety under Okawaru
 12060 | D:11     | Reached skill level 1 in Long Blades
 12458 | D:12     | Noticed a two-headed ogre
 12466 | D:12     | Killed a two-headed ogre
 12544 | D:12     | Noticed a boulder beetle
 12556 | D:12     | Mangled by a boulder beetle

Illustrated notes

Levels and vault maps discovered:
D:1:      dpeg_arrival_court, layout_loops_corners,
          chequers_ecumenical_altar_island
D:2:      layout_loops_cross
D:3:      layout_rooms, minmay_distorted
D:4:      layout_basic, chequers_temple_overflow_statue_of_worship,
          minmay_circle_x
D:5:      layout_loops_ring, minmay_manual_mares, uniq_blork_the_orc,
          uniq_crazy_yiuf_cottage, uniq_sigmund, uniq_eustachio,
          uniq_prince_ribbit1, uniq_edmund, uniq_pikel, uniq_grinder
D:6:      layout_loops_ring, zin_statuary, lemuel_blue_sif_altar,
          minmay_temple_entry_gardened_gates
D:7:      layout_basic, amcnicky_altar_gilded, serial_co_window_serial,
          co_window_paths_b, co_window_corner_a, co_window_of_opportunity_a,
          co_window_paths_b, co_window_paths_a, co_window_broadway_a,
          co_window_broadway_c, co_window_unsneaky_path_a, co_window_broadway_a,
          co_window_unsneaky_path_e, co_window_broadway_a, co_window_paths_e,
          glass_columns_b, glass_columns_b, glass_columns_a,
          grunt_ministairs_11, nrook_campfire, minmay_misc_feat_enclosed
D:8:      layout_basic, serial_bayou_pond_a, grunt_decor_arrowhead
D:9:      layout_cave_pods, grunt_temple_overflow_holy_war, zombieorc2_lemuel
D:10:     lemuel_ice_statue, layout_small_grid, kennysheep_little_box,
          general_overflow_altar, serial_co_window_serial, co_window_cross_1,
          co_window_paths_b, co_window_of_opportunity_a, co_window_corner_a,
          co_window_paths_a, co_window_of_opportunity_a, co_window_broadway_c,
          co_window_broadway_a, co_window_broadway_a, co_window_unsneaky_path_a,
          glass_columns_c, glass_columns_b, glass_columns_c
D:11:     layout_rooms, david_lair_shrubbed, kennysheep_small_square, uniq_grum
D:12:     layout_roguey, st_stairs_2, minivault_1, minmay_shop_mass,
          uniq_josephine

Skill      XL: |  1  2  3  4  5  6  7  8  9 10 11 |
---------------+----------------------------------+-----
Stealth        | 2 3 |  3.9
Dodging        | 3 4 5 6 8 9 10 | 10.6
Ranged Weapons | 5 6 7 9 10 11 | 11.2
Fighting       | 3 4 6 7 8 9 |  9.7
Armour         | 4 7 10 12 | 12.3
Long Blades    | 2 |  2.7

Action                     |  1- 3 |  4- 6 |  7- 9 | 10-12 || total
---------------------------+-------+-------+-------+-------++-------
  Melee: Short sword       |       |       |       |     3 ||     3
         Kick              |       |       |       |    24 ||    24
         Double sword      |       |       |       |    40 ||    40
         Peck              |       |       |       |    10 ||    10
         Punch             |       |       |       |     1 ||     1
   Fire: Shortbow          |   102 |   115 |   246 |   606 ||  1069
         Arbalest          |       |       |       |    30 ||    30
  Evoke: Wand              |       |       |       |    11 ||    11
    Use: Scroll            |       |    10 |       |    19 ||    29
         Potion            |       |       |       |     1 ||     1
   Stab: Sleeping          |       |       |       |     1 ||     1
 Armour: Leather armour    |    10 |       |       |       ||    10
         Steam dragon scal |     2 |     8 |    22 |    77 ||   109
  Dodge: Dodged            |    22 |    38 |    89 |   448 ||   597
